 Dungeon Crawl Stone Soup version 0.30-a0-475-g03497ec522 (webtiles) character file.

Game seed: 5448830965889662676

6786 IdlyInterested the Carver (level 10, -3/71 HPs)
             Began as a Demonspawn Gladiator on Dec 20, 2022.
             Slain by Urug
             ... wielding a +2 broad axe
              (12 damage)
             ... on level 10 of the Dungeon.
             The game lasted 00:37:13 (10617 turns).

IdlyInterested the Carver (Demonspawn Gladiator)   Turns: 10617, Time: 00:37:14

Health: -3/71      AC: 17    Str: 16    XL:     10   Next: 76%
Magic:  10/10      EV:  8    Int:  9    God:
Gold:   0          SH:  4    Dex: 18    Spells: 9/9 levels left

rFire   . . .      SeeInvis .    g - +5 scimitar
rCold   + + .      Faith    .    (no shield)
rNeg    . . .      Spirit   .    z - +2 chain mail {rC+}
rPois   +          Reflect  .    u - +2 helmet
rElec   .          Harm     .    D - +1 cloak of the Pit {rC+ rCorr}
rCorr   +          Rampage  .    (no gloves)
Will    .....                    (no boots)
Stlth   ..........               (no amulet)
HPRegen 0.31/turn                h - ring of poison resistance
MPRegen 0.12/turn                p - ring of flight

@: mighty, flying
A: demonic guardian 1, sharp scales 2, condensation shield, demonic touch 1
a: no special abilities


You were on level 10 of the Dungeon.
You visited 2 branches of the dungeon, and saw 11 of its levels.

You collected 811 gold pieces.
You spent 811 gold pieces at shops.

Inventory:

Hand Weapons
 a - a +0 long sword of flaming
 g - a +5 scimitar (weapon)
Missiles
 d - 8 throwing nets
 x - 12 boomerangs
 B - 11 poisoned darts
 F - a curare-tipped dart
 J - a stone (quivered)
Armour
 b - +0 acid dragon scales
 u - a +2 helmet (worn)
 z - a +2 chain mail of cold resistance (worn)
 D - the +1 cloak of the Pit (worn) {rC+ rCorr}
   (You bought it in a shop on level 5 of the Dungeon)

   rC:        It protects you from cold.
   rCorr:     It protects you from acid and corrosion.
 N - a +1 robe of positive energy
Magical Staves
 l - a staff of death
 M - a staff of conjuration
Jewellery
 h - a ring of poison resistance (left hand)
 p - a ring of flight (right hand)
Wands
 j - a wand of flame (6)
 K - a wand of light (6)
 O - a wand of paralysis (5)
Scrolls
 e - a scroll of brand weapon
 f - a scroll of teleportation
 k - a scroll of enchant armour
 o - 2 scrolls of blinking
 w - 2 scrolls of summoning
 y - 4 scrolls of fog
 A - 2 scrolls of identify
 C - a scroll of immolation
 E - 2 scrolls of enchant weapon
 H - 6 scrolls of magic mapping
 L - 2 scrolls of vulnerability
Potions
 c - 3 potions of haste
 i - 3 potions of attraction
 m - 2 potions of brilliance
 n - a potion of mutation
 q - 5 potions of berserk rage
 r - 4 potions of curing
 s - a potion of flight
 v - a potion of invisibility
 G - a potion of cancellation
 I - a potion of lignification


   Skills:
 - Level 4.0 Fighting
 + Level 13.6 Long Blades
 - Level 4.0 Throwing
 - Level 4.0 Dodging
 * Level 3.9 Unarmed Combat


You had 9 spell levels left.
You didn't know any spells.
Your spell library contained the following spells:

 Spells                   Type           Power      Damage    Failure   Level
 Apportation              Tloc           0%         N/A       100%        1
 Necrotise                Necr           0%         1d4       100%        1
 Slow                     Hex            0%         N/A       100%        1
 Summon Small Mammal      Summ           0%         N/A       100%        1
 Static Discharge         Conj/Air       0%         2-2/arc   100%        2
 Confusing Touch          Hex            0%         N/A       100%        3
 Ignite Poison            Fire/Tmut/Pois 0%         N/A       100%        3
 Vampiric Draining        Necr           0%         2d6       100%        3
 Vhi's Electric Charge    Tloc/Air       0%         N/A       100%        3
 Anguish                  Hex/Necr       0%         N/A       100%        4
 Sticky Flame             Conj/Fire      0%         2d3       100%        4
 Arcjolt                  Conj/Air       0%         1d10      100%        5
 Lightning Bolt           Conj/Air       0%         1d11      100%        5
 Enfeeble                 Hex            0%         N/A       100%        7
 Ignition                 Fire           0%         3d3       100%        8


Dungeon Overview and Level Annotations

Branches:
Dungeon (10/15)            Temple (1/1) D:6
   Lair: D:8-11         Orc: D:9-12

Altars:
Ashenzari
Cheibriados
Dithmenos
Fedhas
Gozag
Hepliaklqana
Kikubaaqudgha
Makhleb
Nemelex Xobeh
Okawaru
Qazlal
Ru
Sif Muna
Trog
Uskayaw
Vehumet
Wu Jian
Xom
Yredelemnul

Shops:
D:5 *   D:6 [   D:9 [

Annotations:
D:10 Urug


Innate Abilities, Weirdness & Mutations

A weak demonic guardian rushes to your aid.
You are mostly covered in razor-sharp scales. (AC +2, Slay +2)
A meltable shield of frost defends you. (SH +4)
Your touch may inflict minor irresistible damage on your foes.


Message History

Urug the Orcish Ballista comes into view.
She is wielding a +2 broad axe.
Urug shouts!
Urug throws a javelin.
The javelin pierces through you.
You see here a scroll labelled DAIGAS GISCH.
Urug throws a javelin.
The javelin pierces through you!
You see here 17 gold pieces.
Urug hits you with a +2 broad axe!
A demonic guardian appears!
You closely miss Urug.
You feel very mighty all of a sudden. Urug hits you with a +2 broad axe!!
You slash Urug!
Urug is moderately wounded.
Urug squints and says, "You're the ugliest harpy I ever saw."
Urug hits you with a +2 broad axe!
* * * LOW HITPOINT WARNING * * *
Urug hits your white imp with a +2 broad axe!
Your white imp dies!
Your white imp disappears in a puff of smoke!
Okay, then.
Aiming: Paralyse
Press: ? - help, Shift-Dir - straight line, f - Urug
Aim: Urug, wielding a +2 broad axe, wearing a +0 scale mail and quivering javelins (purple smoke, moderately wounded, chance to affect: 31%) Urug easily resists.
Urug hits you with a +2 broad axe.
* * * LOW HITPOINT WARNING * * *
Unknown command.
Aiming: Bolt of Light
Press: ? - help, Shift-Dir - straight line, f/p - Urug
Aim: Urug, wielding a +2 broad axe, wearing a +0 scale mail and quivering javelins (purple smoke, moderately wounded, 64% to hit)
The bolt of light hits Urug!
Urug is moderately wounded.
Urug is blinded.
You block Urug's attack.
You slash Urug!
Urug is heavily wounded.
You block Urug's attack.
You hit Urug.
Urug is heavily wounded.
You hit Urug.
Urug is heavily wounded.
Urug hits you with a +2 broad axe!
You die...

..................
................>.
.#######...#######
#...# #...# #??.#
#$..#
#######.).#####
#......@.......
#.#####o.#.#### #
#..#.# # #.....
....# #.##..#
##### #.# .. ...
.. ##. ...


You could see Urug (blind).

Vanquished Creatures
  A two-headed ogre (D:8)
  Amaemon (D:9)
  An orange demon (D:9)
  Psyche (D:8)
  A wraith (D:6)
  5 yaks (D:8)
  A shadow (D:8)
  A wyvern (D:10)
  A water moccasin (D:8)
  An acid dragon (D:8)
  An ice beast (D:5)
  3 orc warriors
  2 ogres
  A black bear (D:7)
  3 centaurs
  2 kobold brigands
  2 bullfrogs
  3 necrophages (D:5)
  14 wights
  4 killer bees (D:10)
  A bullfrog zombie (D:5)
  3 howler monkeys
  A centaur zombie (D:5)
  A hound (D:4)
  A human zombie (D:5)
  2 jellies
  2 gnoll boudas
  3 orc priests
  2 scorpion zombies (D:5)
  Natasha (thrice) (D:2)
  2 iguanas (D:6)
  6 orc wizards
  A killer bee zombie (D:5)
  A mummy (D:5)
  8 adders
  11 gnolls
  3 shadow imps
  2 white imps
  4 ufetubi
  5 worms
  5 dart slugs
  30 orcs
  5 endoplasms
  4 giant cockroaches
  28 goblins
  33 hobgoblins
  3 jackals (D:5)
  20 kobolds
  A quokka (D:4)
  4 ball pythons
  5 bats
  3 frilled lizards
  7 rats
259 creatures vanquished.

Vanquished Creatures (collateral kills)
  A wraith (D:9)
  A centaur (D:6)
  A wight (D:8)
  An adder (D:6)
  An orc (D:8)
5 creatures vanquished.

Vanquished Creatures (others)
  6 demonic plants (D:4)
6 creatures vanquished.

Grand Total: 270 creatures vanquished

Notes
Turn   | Place    | Note
-------+----------+-------------------------------------------
     0 | D:1      | IdlyInterested the Demonspawn Gladiator began the quest for
                  | the Orb.
     0 | D:1      | Reached XP level 1. HP: 16/16 MP: 1/1
   161 | D:1      | Reached skill level 3 in Long Blades
   183 | D:1      | You fall into a shaft and drop 1 floor!
   219 | D:2      | Gained mutation: You are partially covered in razor-sharp
                  | scales. (AC +1, Slay +1) [demonic ancestry]
   219 | D:2      | Reached XP level 2. HP: 21/22 MP: 2/2
   573 | D:1      | Reached XP level 3. HP: 27/27 MP: 3/3
   998 | D:2      | Noticed Natasha
  1009 | D:2      | Killed Natasha
  1044 | D:2      | Reached skill level 4 in Long Blades
  1051 | D:2      | Reached XP level 4. HP: 29/33 MP: 4/4
  1404 | D:2      | Noticed Natasha
  1413 | D:2      | Killed Natasha
  1615 | D:2      | Noticed Natasha
  1621 | D:2      | Killed Natasha
  1840 | D:3      | Gained mutation: You are mostly covered in razor-sharp
                  | scales. (AC +2, Slay +2) [demonic ancestry]
  1840 | D:3      | Reached XP level 5. HP: 31/38 MP: 5/5
  2302 | D:3      | Reached skill level 5 in Long Blades
  2813 | D:3      | Gained mutation: Your touch may inflict minor irresistible
                  | damage on your foes. [demonic ancestry]
  2813 | D:3      | Reached XP level 6. HP: 32/45 MP: 6/6
  3297 | D:4      | Reached skill level 6 in Long Blades
  4224 | D:5      | Entered Level 5 of the Dungeon
  4767 | D:5      | Found Nicuokir's General Store.
  4771 | D:5      | Reached XP level 7. HP: 50/52 MP: 7/7
  5014 | D:5      | Reached skill level 7 in Long Blades
  5220 | D:5      | Reached skill level 1 in Unarmed Combat
  5221 | D:5      | Found an ancient bone altar of Kikubaaqudgha.
  5324 | D:5      | Reached skill level 8 in Long Blades
  5324 | D:5      | Gained mutation: A weak demonic guardian rushes to your
                  | aid. [demonic ancestry]
  5324 | D:5      | Reached XP level 8. HP: 58/58 MP: 8/8
  5506 | D:5      | Bought the +1 cloak of the Pit {rC+ rCorr} for 407 gold
                  | pieces
  5506 | D:5      | Bought a scroll of enchant weapon for 105 gold pieces
  5516 | D:6      | Found Deiqy's Armour Shoppe.
  5666 | D:6      | Found a staircase to the Ecumenical Temple.
  5683 | Temple   | Entered the Ecumenical Temple
  5903 | D:6      | Found the +3 woodcutter's axe {vorpal}
  6044 | D:6      | Reached skill level 9 in Long Blades
  6737 | D:5      | Bought a potion of lignification for 42 gold pieces
  7036 | D:7      | Reached XP level 9. HP: 28/59 MP: 9/9
  7038 | D:7      | Reached skill level 10 in Long Blades
  7875 | D:8      | Noticed a two-headed ogre
  7882 | D:8      | Killed a two-headed ogre
  7883 | D:8      | Reached skill level 11 in Long Blades
  7889 | D:8      | Noticed Psyche
  7898 | D:8      | Killed Psyche
  8251 | D:8      | Reached skill level 12 in Long Blades
  8369 | D:8      | Gained mutation: A meltable shield of frost defends you.
                  | (SH +4) [demonic ancestry]
  8369 | D:8      | Reached XP level 10. HP: 66/71 MP: 10/10
  9449 | D:9      | Found Ledeval's Armour Shoppe.
  9619 | D:9      | Noticed an orange demon
  9620 | D:9      | Noticed Amaemon
  9647 | D:9      | Killed Amaemon
  9648 | D:9      | Reached skill level 13 in Long Blades
  9659 | D:9      | Killed an orange demon
 10250 | D:5      | Bought a wand of paralysis (6) for 201 gold pieces
 10250 | D:5      | Bought a potion of brilliance for 56 gold pieces
 10327 | D:10     | Entered Level 10 of the Dungeon
 10605 | D:10     | Noticed Urug
 10617 | D:10     | Slain by Urug

Illustrated notes

Levels and vault maps discovered:
D:1:      dpeg_arrival_renting, layout_rooms, chequers_avenue,
          chequers_serial_rivers_micro_b, minmay_misc_feat_plants,
          kennysheep_flooded_box
D:2:      layout_basic, minmay_close_crescents, uniq_natasha
D:3:      minmay_goblin_kobold_castle, layout_loops_corners,
          chequers_mini_garden, minmay_vboxes
D:4:      layout_loops_corners, serial_demonic, serial_demonic_c,
          serial_demonic_e, serial_demonic_d, serial_demonic_g
D:5:      layout_loops_ring, lemuel_mausoleum_altar_kikubaaqudgha, serial_shops,
          shop_fountains, kennysheep_doodads, nicolae_figureground_pulse
D:6:      layout_cave_pods, temple_statues, serial_shops, nicolae_stop_n_shop_2,
          chequers_garden
D:7:      layout_gridville, serial_rivers, chequers_serial_rivers_room_a,
          chequers_serial_rivers_micro_c, chequers_serial_rivers_marsh,
          chequers_serial_rivers_room_b, chequers_serial_rivers_micro_d
D:8:      layout_basic, grunt_ministairs_14, uniq_psyche
D:9:      layout_loops_ring, serial_shops, shop, uniq_amaemon
D:10:     layout_loops_cross, uniq_urug
Temple:   kilobyte_greek_temple

Skill      XL: |  1  2  3  4  5  6  7  8  9 10 |
---------------+-------------------------------+-----
Long Blades    | 3 4 5 6 8 9 12 13 | 13.6
Throwing       | 2 3 4 |  4.0
Fighting       | 3 4 |  4.0
Dodging        | 3 4 |  4.0
Unarmed Combat | 1 3 |  3.9

Action                   |  1- 3 |  4- 6 |  7- 9 | 10-12 || total
-------------------------+-------+-------+-------+-------++-------
Melee: Long sword        |    87 |   263 |   147 |       ||   497
       Punch             |       |     4 |     6 |     5 ||    15
       Touch             |       |    20 |    31 |    26 ||    77
       Scimitar          |       |       |    57 |   125 ||   182
Throw: Stone             |    17 |    31 |    26 |    11 ||    85
       Javelin           |       |       |     1 |     1 ||     2
       Dart              |       |       |     4 |       ||     4
       Boomerang         |       |       |     1 |    15 ||    16
Evoke: Wand              |       |       |     1 |     3 ||     4
  Use: Scroll            |     5 |     7 |     5 |     1 ||    18
       Potion            |     1 |     4 |     2 |     5 ||    12
 Stab: Invisible         |       |       |     4 |     2 ||     6
Armor: Leather armour    |     5 |       |       |       ||     5
       Ring mail         |    26 |   135 |    85 |     9 ||   255
       Chain mail        |       |       |       |    68 ||    68
       Acid dragon scale |       |       |       |     1 ||     1
Dodge: Dodged            |    58 |   150 |   114 |    42 ||   364
Block: Other             |       |       |       |    19 ||    19

Table legend: (Time is in decaauts)
 A = Elapsed time spent in this place.
 B = Non-inter-level travel time spent in this place.
 C = Inter-level travel time spent in this place.
 D = Time resting spent in this place.
 E = Time spent auto-exploring this place.
 F = Levels seen in this place.
 G = Mean time per level.
                   A        B        C        D        E       F      G
               +--------+--------+--------+--------+--------+-----+--------+
         Total |  10700 |   9219 |   1481 |   1552 |   5294 |  11 |  972.7 |
       Dungeon |  10538 |   9064 |   1474 |   1552 |   5152 |  10 | 1053.8 |
        Temple |    161 |    154 |      7 |      0 |    142 |   1 |  161.0 |
               +--------+--------+--------+--------+--------+-----+--------+

Top non-repeatable levels by time:
     D:3: 1576 daAuts
     D:8: 1421 daAuts
     D:5: 1225 daAuts
     D:6: 1168 daAuts
     D:4: 1122 daAuts
     D:9: 1083 daAuts
     D:2: 1037 daAuts
     D:7: 965 daAuts
     D:1: 738 daAuts
    D:10: 200 daAuts
  Temple: 161 daAuts
